 Dungeon Crawl Stone Soup version 0.30-a0-557-ge2afbf3030 (webtiles) character file.

Game seed: 303269056659348322

18446 arthad the Geomancer (level 12, -13/68 HPs)
             Began as a Gargoyle Earth Elementalist on Dec 28, 2022.
             Was an Initiate of Gozag.
             Mangled by an orc warrior
             ... wielding a +0 battleaxe
              (15 damage)
             ... on level 14 of the Dungeon.
             The game lasted 00:42:56 (13251 turns).

arthad the Geomancer (Gargoyle Earth Elementalist) Turns: 13251, Time: 00:42:56

Health: -13/68     AC: 22    Str: 14    XL:     12   Next: 58%
Magic:  23/23      EV: 11    Int: 19    God:    Gozag
Gold:   1204       SH:  0    Dex: 10    Spells: 1/25 levels left

rFire   + . .      SeeInvis +    q - staff of conjuration
rCold   . . .      Faith    .    (no shield)
rNeg    + . .      Spirit   .    c - +0 swamp dragon scales
rPois   ∞          Reflect  .    B - +0 helmet
rElec   +          Harm     .    k - +0 cloak
rCorr   .          Rampage  .    z - +0 pair of gloves
Will    .....                    M - +0 pair of boots
Stlth   +++                      G - amulet of magic regeneration
HPRegen 0.31/turn                e - ring of see invisible
MPRegen 0.58/turn                D - ring "Jucawy" {Wiz rF+}

@: about to teleport, gold aura
A: sickness immunity, AC +8, negative energy resistance 1, electricity
resistance, torment resistance 1, petrification resistance
a: Renounce Religion, Potion Petition, Call Merchant, Bribe Branch


You were on level 14 of the Dungeon.
You worshipped Gozag.
Gozag was most pleased with you.
You visited 1 branch of the dungeon, and saw 14 of its levels.

You collected 2225 gold pieces.
You spent 963 gold pieces at shops.
You paid 58 gold pieces to Gozag.

Inventory:

Hand Weapons
 b - a +1 war axe of flaming
 i - a +4 vampiric falchion
 s - a +2 whip of electrocution
 y - a +0 broad axe
 C - the +6 long sword of Qazlal's Favour {heavy, Str+3 Int+5 Dex-4}
   (You bought it in a shop on level 3 of the Dungeon)

   It deals dramatically more damage, but attacks with it are much slower.
   Str:       It affects your strength (+3).
   Int:       It affects your intelligence (+5).
   Dex:       It affects your dexterity (-4).
Missiles
 u - 33 poisoned darts
Armour
 a - a +0 robe
 c - +0 swamp dragon scales (worn)
 k - a +0 cloak (worn)
 z - a +0 pair of gloves (worn)
 B - a +0 helmet (worn)
 M - a +0 pair of boots (worn)
 T - a +2 robe of willpower
Magical Staves
 q - a staff of conjuration (weapon)
 S - a staff of poison
Jewellery
 e - a ring of see invisible (left hand)
 g - a ring of willpower
 n - a ring of flight
 D - the ring "Jucawy" (right hand) {Wiz rF+}
   (You bought it in a shop on level 3 of the Dungeon)

   [ring of wizardry]

   It improves your spell success rate.
   rF:        It protects you from fire.
 G - an amulet of magic regeneration (around neck)
Wands
 d - a wand of polymorph (6)
 v - a wand of charming (9)
 J - a wand of flame (8)
 Q - a wand of mindburst (5)
Scrolls
 h - 2 scrolls of fog
 t - 3 scrolls of vulnerability
 x - 2 scrolls of blinking
 A - 8 scrolls of teleportation
 E - a scroll of fear
 H - a scroll of magic mapping
 L - 4 scrolls of identify
 N - a scroll of enchant armour {unknown}
 O - a scroll of enchant weapon
 P - 2 scrolls of noise
Potions
 f - 6 potions of resistance
 j - 2 potions of ambrosia
 l - 5 potions of curing
 m - 3 potions of lignification
 o - 3 potions of mutation
 p - 3 potions of attraction
 r - 4 potions of heal wounds
 w - 2 potions of cancellation
 F - a potion of haste
 I - a potion of brilliance {unknown}
 K - a potion of magic
 R - a potion of might {unknown}
 U - a potion of flight {unknown}


   Skills:
 + Level 5.0 Fighting
 + Level 5.1 Armour
 + Level 4.8 Dodging
 * Level 9.5 Stealth
 * Level 7.3 Spellcasting
 * Level 7.8 Conjurations
 * Level 3.5 Summonings
 - Level 4.0 Transmutations
 + Level 1.1 Fire Magic
 - Level 4.7 Air Magic
 * Level 9.9 Earth Magic
 - Level 3.8 Poison Magic
 + Level 4.1 Evocations


You had one spell level left.
You knew the following spells:

 Your Spells              Type           Power      Damage    Failure   Level
a - Sandblast             Erth           88%        2d18      1%          1
b - Stone Arrow           Conj/Erth      100%       3d13      1%          3
c - Poisonous Vapours     Pois/Air       46%        N/A       1%          2
d - Mephitic Cloud        Conj/Pois/Air  41%        N/A       2%          3
e - Animate Armour        Summ/Erth      64%        N/A       4%          4
f - Lehudib's Crystal Sp  Conj/Erth      28%        10d8      100%        8
g - Ignite Poison         Fire/Tmut/Pois 18%        N/A       6%          3

Your spell library contained the following spells:

 Spells                   Type           Power      Damage    Failure   Level
 Beastly Appendage        Tmut           44%        N/A       1%          1
 Freeze                   Ice            24%        1d4       8%          1
 Necrotise                Necr           24%        1d5       8%          1
 Passwall                 Tmut/Erth      27%        N/A       1%          2
 Wereblood                Tmut           22%        N/A       2%          2
 Dazzling Flash           Conj/Hex       64%        N/A       4%          3
 Hailstorm                Conj/Ice       32%        3d8       4%          3
 Spider Form              Tmut/Pois      21%        N/A       4%          3
 Petrify                  Tmut/Erth      33%        N/A       4%          4
 Kindle Blastsparks       Fire/Tloc/Air  28%        2d12      11%         3
 Iskenderun's Mystic Bla  Conj/Tloc      32%        2d8       16%         4
 Frozen Ramparts          Ice            12%        1d2       22%         3
 Vampiric Draining        Necr           6%         2d6       22%         3
 Freezing Cloud           Conj/Ice/Air   17%        6-21      34%         5
 Dispel Undead            Necr           6%         3d8       56%         4
 Starburst                Conj/Fire      18%        6d7       85%         6
 Agony                    Necr           6%         N/A       87%         5
 Metabolic Englaciation   Hex/Ice        3%         N/A       87%         5
 Death Channel            Necr           3%         N/A       100%        6
 Cigotuvi's Dreadful Rot  Necr/Pois/Air  Unusable   N/A       N/A         2
 Statue Form              Tmut/Erth      Unusable   N/A       N/A         6

Dungeon Overview and Level Annotations

Branches:
Dungeon (14/15)            Temple (0/1) D:7            Lair (0/5) D:8
    Orc (0/2) D:9
 Vaults: D:13-14

Altars:
Dithmenos
Gozag
Kikubaaqudgha
Okawaru
Trog
Zin

Shops:
D:2 (   D:3 =(:(?   D:4 :*

Annotations:
D:12 5 transporters


Innate Abilities, Weirdness & Mutations

You are immune to sickness and miasma.
Your stone body is resilient. (AC +8)
You are immune to poison.
You resist negative energy. (rN+)
You are resistant to electric shocks. (rElec)
You are resistant to unholy torment.
You are immune to petrification.


Message History

Casting: Sandblast (safe; 1% risk of failure)
Confirm with . or Enter, or press ? or * to list all spells.
Aiming: Stone Arrow (safe; 1% risk of failure)
Press: ? - help, Shift-Dir - straight line, f/p - orc warrior
Aim: an orc warrior, wielding a +0 dire flail and wearing a +0 chain mail (strong, 75% to hit)
You feel a surge of power!
The stone arrow hits the orc warrior!!
The orc warrior is almost dead.
The orc warrior hits you with a +0 dire flail!
Casting: Stone Arrow (safe; 1% risk of failure)
Confirm with . or Enter, or press ? or * to list all spells.
Aiming: Stone Arrow (safe; 1% risk of failure)
Press: ? - help, Shift-Dir - straight line, f/p - orc warrior
Aim: an orc warrior, wielding a +0 dire flail and wearing a +0 chain mail (almost dead, strong, 75% to hit)
You feel a surge of power!
The stone arrow hits the orc warrior!!
You kill the orc warrior!
You now have 1204 gold pieces (gained 8).
Items here: )) [[.
Okay, then.
There is a stone staircase leading up here.
Okay, then.
Welcome back, arthad the Gargoyle Earth Elementalist.
Gozag says: Greed is good.
Press ? for a list of commands and other information.
You climb upwards.
The orc knight unwields a +0 arbalest.
The orc knight wields a +0 great sword.
The orc knight hits you with a +0 great sword!
There is a stone staircase leading down here.
The orc warrior hits you with a +0 halberd.
The orc warrior hits you with a +0 battleaxe!
* * * LOW HITPOINT WARNING * * *
The orc knight hits you but does no damage.
You climb downwards.
There is a stone staircase leading up here.
As you read the scroll of teleportation, it crumbles to dust.
You feel strangely unstable.
The orc warrior hits you with a +0 halberd!
* * * LOW HITPOINT WARNING * * *
The orc warrior hits you with a +0 battleaxe!
You die...
Your body crumbles into a pile of gold.

#.....# #.....# ##...#
#.....# #....#
###.....# #....#
###.......#######....##
......................#
......................#
###.............>.....#
#.........@o........#
#.........oo........#
#.....#########.....#
#.....# #.....#####
$#.....# #..........
#.....# #..........
...... #..........
#.......... #..........


You could see an orc knight and 2 orc warriors.

Vanquished Creatures
  2 hydras (D:13)
  3 two-headed ogres
  2 centaur warriors
  2 boulder beetles (D:11)
  2 ugly things
  2 cyclopes
  A manticore (D:11)
  Maggie (D:6)
  2 gargoyles
  A redback zombie (D:13)
  2 trolls
  A hornet (D:8)
  A centaur simulacrum (D:13)
  A spriggan (shapeshifter) (D:13)
  A shadow (D:11)
  A vampire (D:13)
  2 wraiths
  17 yaks
  2 wyverns
  2 vampire mosquitoes (D:13)
  An acid dragon (D:9)
  A warg (D:9)
  3 water moccasins
  6 orc warriors
  2 sky beasts (D:7)
  A black bear (D:6)
  2 ice beasts
  4 centaurs
  4 ogres
  2 phantoms
  2 necrophages
  5 bullfrogs
  3 kobold brigands
  2 gnoll sergeants
  3 scorpions
  A hornet simulacrum (D:13)
  3 howler monkeys
  4 orc priests
  2 hounds
  An iguana (D:5)
  4 orc wizards
  A boggart skeleton (D:13)
  13 gnolls
  2 adders
  A white imp (D:5)
  A worm (D:3)
  4 dart slugs
  36 orcs
  2 bats
  6 endoplasms
  4 giant cockroaches
  5 goblins
  4 hobgoblins
  8 jackals
  18 kobolds
  A quokka (D:3)
  3 ball pythons
  2 frilled lizards (D:1)
  3 rats (D:2)
218 creatures vanquished.

Vanquished Creatures (collateral kills)
  Jorgrun (D:13)
  A troll (D:10)
  An orc warrior (D:12)
3 creatures vanquished.

Vanquished Creatures (others)
  An orc wizard (D:4)
  An orc (D:4)
2 creatures vanquished.

Grand Total: 223 creatures vanquished

Notes
Turn   | Place    | Note
-------+----------+-------------------------------------------
     0 | D:1      | arthad the Gargoyle Earth Elementalist began the quest for
                  | the Orb.
     0 | D:1      | Reached XP level 1. HP: 10/10 MP: 3/3
   268 | D:1      | Reached XP level 2. HP: 15/15 MP: 3/5
   562 | D:1      | Reached skill level 1 in Transmutations
   661 | D:1      | Reached XP level 3. HP: 19/19 MP: 4/6
  1045 | D:2      | Found Waisawia's Antique Weapon Boutique.
  1127 | D:2      | Found an iron altar of Okawaru.
  1253 | D:2      | Learned a level 3 spell: Stone Arrow
  1487 | D:3      | Found Ullov's Antique Weapon Emporium.
  1583 | D:3      | Found Yloipsy's Book Shoppe.
  1622 | D:3      | Found a faded altar of an unknown god.
  1880 | D:3      | Reached XP level 4. HP: 24/24 MP: 4/7
  1933 | D:3      | Found Pot Abra's Magic Scroll Emporium.
  2044 | D:3      | Found Ziagevus's Antique Weapon Boutique.
  2081 | D:3      | Noticed an ogre
  2085 | D:3      | Killed an ogre
  2086 | D:3      | Reached XP level 5. HP: 26/28 MP: 3/9
  2153 | D:3      | Found Fostremoa's Jewellery Boutique.
  2520 | D:4      | Noticed an ogre
  2524 | D:4      | Killed an ogre
  2525 | D:4      | Reached skill level 5 in Earth Magic
  2525 | D:4      | Reached XP level 6. HP: 32/32 MP: 5/10
  2566 | D:4      | Found Arypp's Vocational Training.
  2705 | D:4      | Found an opulent altar of Gozag.
  2712 | D:4      | Became a worshipper of Gozag Ym Sagoz the Greedy
  2743 | D:4      | Found Lotzui Pient's Assorted Antiques.
  2751 | D:4      | Bought a short gold wand for 92 gold pieces
  2751 | D:4      | Bought 2 bubbling golden potions for 41 gold pieces
  2840 | D:4      | Bought a coppery potion for 20 gold pieces
  3163 | D:5      | Entered Level 5 of the Dungeon
  3275 | D:5      | Reached XP level 7. HP: 37/37 MP: 9/12
  3371 | D:5      | Reached skill level 1 in Conjurations
  3637 | D:5      | Reached skill level 1 in Armour
  3901 | D:5      | Found a bloodstained altar of Trog.
  3934 | D:5      | Learned a level 2 spell: Poisonous Vapours
  3938 | D:5      | Learned a level 3 spell: Mephitic Cloud
  3949 | D:5      | Reached skill level 1 in Fighting
  3949 | D:5      | Reached skill level 5 in Stealth
  4073 | D:5      | Reached skill level 1 in Evocations
  4270 | D:5      | Reached XP level 8. HP: 43/43 MP: 9/14
  4308 | D:5      | Found an ancient bone altar of Kikubaaqudgha.
  4308 | D:5      | Found a shadowy altar of Dithmenos.
  4515 | D:6      | Reached skill level 1 in Air Magic
  4612 | D:6      | Noticed Maggie
  4633 | D:6      | Killed Maggie
  4634 | D:6      | Reached skill level 1 in Poison Magic
  5460 | D:6      | Reached XP level 9. HP: 45/48 MP: 12/15
  5962 | D:7      | Reached skill level 5 in Spellcasting
  6231 | D:7      | Found a staircase to the Ecumenical Temple.
  6814 | D:8      | Found a staircase to the Lair.
  6930 | D:8      | Reached XP level 10. HP: 55/55 MP: 12/17
  7605 | D:9      | Reached skill level 5 in Conjurations
  7882 | D:9      | Noticed a centaur warrior
  7888 | D:9      | Killed a centaur warrior
  8314 | D:9      | Noticed a gargoyle
  8318 | D:9      | Killed a gargoyle
  8344 | D:9      | Learned a level 4 spell: Animate Armour
  8425 | D:3      | Bought a slimy long sword for 238 gold pieces
  8425 | D:3      | Identified the +6 long sword of Qazlal's Favour {heavy,
                  | Str+3 Int+5 Dex-4} (You bought it in a shop on level 3 of
                  | the Dungeon)
  8458 | D:3      | Bought the ring "Jucawy" {Wiz rF+} for 572 gold pieces
  8681 | D:9      | Found a staircase to the Orcish Mines.
  9439 | D:10     | Entered Level 10 of the Dungeon
  9483 | D:10     | Found a glowing silver altar of Zin.
  9488 | D:10     | Reached XP level 11. HP: 60/60 MP: 8/20
  9599 | D:10     | Reached skill level 1 in Summonings
  9864 | D:10     | Noticed a cyclops
  9871 | D:10     | Killed a cyclops
  9909 | D:10     | Noticed a cyan ugly thing
  9914 | D:10     | Killed a cyan ugly thing
 10065 | D:10     | Noticed a two-headed ogre
 10072 | D:10     | Killed a two-headed ogre
 10554 | D:11     | Noticed a boulder beetle
 10568 | D:11     | Killed a boulder beetle
 10630 | D:11     | Noticed a manticore
 10635 | D:11     | Killed a manticore
 10683 | D:11     | Noticed a two-headed ogre
 10686 | D:11     | Killed a two-headed ogre
 10696 | D:11     | Learned a level 8 spell: Lehudib's Crystal Spear
 10786 | D:11     | Noticed a two-headed ogre
 10793 | D:11     | Killed a two-headed ogre
 10951 | D:11     | Noticed a boulder beetle
 10960 | D:11     | Killed a boulder beetle
 11331 | D:12     | Noticed a centaur warrior
 11335 | D:12     | Killed a centaur warrior
 11336 | D:12     | Reached XP level 12. HP: 52/67 MP: 14/22
 11417 | D:12     | Found a transporter.
 11417 | D:12     | Found the +2 cloak of the Thief {*Fog Slay-2 SInv Stlth+}
 11553 | D:12     | Found a transporter.
 11640 | D:12     | Noticed a centaur warrior
 11648 | D:12     | Noticed a boulder beetle
 11664 | D:12     | Noticed a centaur warrior
 11744 | D:12     | Learned a level 3 spell: Ignite Poison
 11871 | D:12     | Found a transporter.
 11901 | D:12     | Found a transporter.
 11914 | D:12     | Found a transporter.
 12179 | D:13     | Noticed Jorgrun
 12194 | D:13     | Killed Jorgrun
 12195 | D:13     | Reached skill level 5 in Armour
 12615 | D:13     | Noticed a four-headed hydra
 12621 | D:13     | Killed a four-headed hydra
 12654 | D:13     | Noticed a four-headed hydra
 12779 | D:13     | Killed a four-headed hydra
 12780 | D:13     | Reached skill level 5 in Fighting
 12780 | D:13     | Reached skill level 1 in Fire Magic
 13251 | D:14     | HP: 2/68 [orc warrior/+0 halberd (8)]
 13251 | D:14     | Mangled by an orc warrior

Illustrated notes

Levels and vault maps discovered:
D:1:      saegor_arrival_simple_a, layout_basic, st_stairs_7
D:2:      layout_rooms, basic_altar, serial_shops, nicolae_shop_crystal
D:3:      layout_loops_cross, serial_shops, nicolae_lakefront_shop,
          nicolae_shop_competitors_out_of_business, nicolae_shop_waterfront,
          nicolae_shop_statue_plus, shop, shapermc_ecumenical_altar_totnotflames
D:4:      layout_loops_ring, mainiacjoe_overflow_tiny_flanked, serial_shops,
          shop, serial_glass, glass_columns_c, glass_columns_a, glass_columns_a,
          glass_columns_a, glass_columns_b, glass_columns_c,
          nicolae_shop_vocational
D:5:      layout_loops_corners, bloody_trog, amethyst_overflow_temple_binary
D:6:      layout_basic, uniq_maggie
D:7:      layout_gridville, minmay_temple_entry_statues_fountains
D:8:      layout_gridville, dpeg_oklobed_lair
D:9:      layout_cave_pods, david_orc_1_choice
D:10:     layout_loops_ring, zin_academy, chequers_serial_rivers_large_a,
          hangedman_decor_slide_cut, minmay_misc_feat_iff
D:11:     layout_cave_pools
D:12:     gammafunk_the_bubble [the_bubble_gammafunk_roulette],
          layout_irregular_city, hangedman_decor_points,
          chequers_serial_rivers_small_a, kennysheep_generic_room_13
D:13:     layout_roguey, special_room [special_room_orc], uniq_jorgrun
D:14:     layout_irregular_city, skrybe_vaults_entry_preservation,
          xom_teletrap_fun, pf_eden, uniq_frances, uniq_nessos

Skill      XL: |  1  2  3  4  5  6  7  8  9 10 11 12 |
---------------+-------------------------------------+-----
Transmutations | 1 2 3 4 |  4.0
Earth Magic    | 4 5 6 7 8 9 |  9.9
Stealth        | 3 4 5 6 7 8 9 |  9.5
Dodging        | 2 3 4 |  4.8
Spellcasting   | 3 4 5 6 7 |  7.3
Conjurations   | 2 3 4 5 7 |  7.8
Armour         | 1 2 3 4 5 |  5.1
Fighting       | 1 2 3 4 5 |  5.0
Evocations     | 1 2 3 4 |  4.1
Air Magic      | 2 3 4 |  4.7
Poison Magic   | 1 2 3 |  3.8
Summonings     | 2 3 |  3.5
Fire Magic     | 1 |  1.1

Action                   |  1- 3 |  4- 6 |  7- 9 | 10-12 || total
-------------------------+-------+-------+-------+-------++-------
Melee: Falchion          |     8 |    11 |    19 |       ||    38
Throw: Dart              |       |     3 |     1 |       ||     4
 Cast: Sandblast         |    56 |    47 |   148 |   198 ||   449
       Stone Arrow       |       |       |    10 |   105 ||   115
       Mephitic Cloud    |       |       |     1 |       ||     1
       Poisonous Vapours |       |       |       |    15 ||    15
       Animate Armour    |       |       |       |     5 ||     5
Evoke: Wand              |       |     2 |       |       ||     2
  Use: Scroll            |       |     9 |     2 |     9 ||    20
       Potion            |       |     3 |     6 |     1 ||    10
Armor: Robe              |     5 |    38 |     9 |       ||    52
       Swamp dragon scal |       |       |    33 |   129 ||   162
       Skin              |       |       |     1 |       ||     1
Dodge: Dodged            |    11 |    55 |    57 |   139 ||   262

Table legend: (Time is in decaauts)
 A = Elapsed time spent in this place.
 B = Non-inter-level travel time spent in this place.
 C = Inter-level travel time spent in this place.
 D = Time resting spent in this place.
 E = Time spent auto-exploring this place.
 F = Levels seen in this place.
 G = Mean time per level.
                   A        B        C        D        E       F      G
               +--------+--------+--------+--------+--------+-----+--------+
         Total |  13464 |  12922 |    542 |    804 |  10068 |  14 |  961.7 |
       Dungeon |  13464 |  12922 |    542 |    804 |  10068 |  14 |  961.7 |
               +--------+--------+--------+--------+--------+-----+--------+

Top non-repeatable levels by time:
     D:9: 1555 daAuts
     D:6: 1371 daAuts
     D:5: 1343 daAuts
    D:10: 1111 daAuts
     D:7: 1012 daAuts
     D:3: 985 daAuts
     D:1: 971 daAuts
    D:13: 935 daAuts
     D:8: 928 daAuts
     D:4: 908 daAuts
    D:12: 861 daAuts
    D:11: 792 daAuts
     D:2: 511 daAuts
    D:14: 176 daAuts
